 Dungeon Crawl Stone Soup version 0.26-a0-651-gb41185065b (webtiles) character file.

Game seed: 920614267543236819

62706 Irenicus the Earth Mage (level 14, -26/109 HPs)
             Began as a Deep Dwarf Earth Elementalist on Oct 18, 2020.
             Was the Champion of Makhleb.
             Annihilated by an orc warlord
             ... wielding a +3 battleaxe of electrocution
              (59 damage)
             ... on level 2 of the Orcish Mines.
             The game lasted 01:34:03 (9766 turns).

Irenicus the Earth Mage (DDEE)                      Turns: 9766, Time: 01:34:03

Health: -26/109    AC: 14    Str: 23    XL:     14   Next: 65%
Magic:  28/30      EV: 15    Int: 24    God:    Makhleb [******]
Gold:   960        SH:  6    Dex: 19    Spells: 26/37 levels left

rFire    . . .     SeeInvis .   Y - +6 demon blade of the Saviour {vamp, rElec}
rCold    . . .     Faith    .   F - +0 buckler
rNeg     + . .     Spirit   .   D - +1 scale mail "Voffyem" {rPois Str+10 Int-2}
rPois    +         Reflect  .   b - +0 hat {MR+}
rElec    +         Harm     +   J - +2 cloak {rPois}
rCorr    .         Rampage  .   u - +0 pair of gloves
MR       +++..                  U - +0 pair of boots of Awe {Harm rPois}
Stlth    +++.......             M - amulet of magic regeneration
HPRegen  0.00/turn              d - +6 ring of intelligence
MPRegen  0.47/turn              R - +6 ring of dexterity

@: non-regenerating
A: damage resistance, heal wounds, negative energy resistance 1, sense
surroundings 2, no regeneration
a: Heal Wounds, Minor Destruction, Lesser Servant of Makhleb, Major Destruction,
Greater Servant of Makhleb, Renounce Religion


You were on level 2 of the Orcish Mines.
You worshipped Makhleb.
Makhleb was exalted by your worship.
You visited 3 branches of the dungeon, and saw 20 of its levels.
You also visited: Ice Cave and Volcano.

You collected 2422 gold pieces.
You spent 1462 gold pieces at shops.

Inventory:

Hand Weapons
 c - a +2 quick blade of flaming
   (You took it off a yaktaur in a volcano)
 Y - the +6 demon blade of the Saviour (weapon) {vamp, rElec}
   (You found it on level 5 of the Lair of Beasts)

   It inflicts no extra harm, but heals its wielder when it wounds a living foe.
   It insulates you from electricity.
 Z - a +1 demon whip of venom
   (You found it on level 5 of the Lair of Beasts)
Missiles
 g - 3 throwing nets {=f, !d}
 h - 156 stones (quivered)
 o - 7 atropa-tipped darts
Armour
 b - a +0 hat of magic resistance (worn)
   (You took it off Gastronok on level 11 of the Dungeon)
 u - a +0 pair of gloves (worn)
   (You found it on level 4 of the Dungeon)
 D - the +1 scale mail "Voffyem" (worn) {rPois Str+10 Int-2}
   (You took it off an orc on level 6 of the Dungeon)

   It affects your strength (+10).
   It affects your intelligence (-2).
   It protects you from poison.
 F - a +0 buckler (worn)
   (You found it on level 6 of the Dungeon)
 G - a +1 ring mail of fire resistance
   (You found it in a volcano)
 J - a +2 cloak of poison resistance (worn)
   (You took it off Maurice on level 8 of the Dungeon)
 S - +0 acid dragon scales
   (You took it off Maggie on level 1 of the Lair of Beasts)
 U - the +0 pair of boots of Awe (worn) {Harm rPois}
   (You acquired it on level 2 of the Lair of Beasts)

   It protects you from poison.
   It increases damage dealt and taken.
Magical Staves
 O - an uncursed staff of air {rElec}
   (You found it on level 1 of the Lair of Beasts)
Jewellery
 d - a +6 ring of intelligence (left hand)
   (You found it on level 3 of the Dungeon)
 l - an uncursed ring of ice {rC+, rF-}
   (You found it on level 3 of the Dungeon)
 C - a +4 ring of protection
   (You took it off an orc warrior on level 6 of the Dungeon)
 K - an uncursed ring of see invisible {sInv, !d}
   (You bought it in a shop on level 2 of the Orcish Mines)
 M - an amulet of magic regeneration (around neck)
   (You found it on level 11 of the Dungeon)
 Q - an uncursed ring of wizardry {Wiz+, !d}
   (You found it in an ice cave)
 R - a +6 ring of dexterity (right hand)
   (You found it in an ice cave)
Wands
 e - a wand of disintegration (6)
   (You bought it in a shop on level 11 of the Dungeon)
 i - a wand of paralysis (11)
   (You found it on level 3 of the Lair of Beasts)
 v - a wand of digging (11)
   (You found it on level 4 of the Dungeon)
 x - a wand of acid (15)
   (You found it on level 9 of the Dungeon)
 B - a wand of iceblast (11)
   (You bought it in a shop on level 6 of the Dungeon)
 X - a wand of enslavement (11)
   (You found it on level 5 of the Lair of Beasts)
Scrolls
 a - 6 scrolls of teleportation
 n - 5 scrolls of remove curse
 q - 4 scrolls of fog
 r - 2 scrolls of blinking {!r}
 t - 4 scrolls of enchant weapon
 z - a scroll of magic mapping {!r}
 N - 3 scrolls of enchant armour
 V - a scroll of identify
Potions
 j - 4 potions of stabbing
 k - 3 potions of brilliance
 m - 7 potions of heal wounds
 p - a potion of haste
 s - 2 potions of cancellation
 w - 4 potions of mutation {!q}
 y - a potion of berserk rage {!q}
 A - 3 potions of resistance
 E - 7 potions of lignification {!q}
 H - 3 potions of might
 L - 4 potions of curing
 T - 3 potions of invisibility
 W - 2 potions of ambrosia
Miscellaneous
 f - a condenser vane (inert)
   (You found it on level 6 of the Lair of Beasts)
 I - a phantom mirror (inert)
   (You bought it in a shop on level 11 of the Dungeon)


   Skills:
 - Level 2.3 Fighting
 - Level 6.2 Armour
 - Level 6.6 Dodging
 - Level 10.4 Stealth
 - Level 4.1 Shields
 + Level 12.0 Spellcasting
 - Level 4.2 Conjurations
 - Level 0.8 Transmutations
 - Level 19.1 Earth Magic
 - Level 11.3 Evocations


You had 26 spell levels left.
You knew the following spells:

 Your Spells              Type           Power        Failure   Level
a - Sandblast             Erth           ######       0%          1
w - Passwall              Tmut/Erth      ######..     1%          2
x - Stone Arrow           Conj/Erth      ######       1%          3
z - Lee's Rapid Deconstr  Erth           #######...   1%          5

Your spell library contained the following spells:

 Spells                   Type           Power        Failure   Level
 Petrify                  Tmut/Erth      ######..     1%          4
 Beastly Appendage        Tmut           ###...       7%          1
 Animate Skeleton         Necr           ##....       10%         1
 Corona                   Hex            ##.....      10%         1
 Freeze                   Ice            ##..         10%         1
 Pain                     Necr           ##..         10%         1
 Wereblood                Tmut           ###.....     11%         2
 Bolt of Magma            Conj/Fire/Erth ######....   12%         5
 Conjure Flame            Conj/Fire      ###.....     13%         3
 Dazzling Flash           Conj/Hex       ###...       13%         3
 Iron Shot                Conj/Erth      ######....   13%         6
 Ensorcelled Hibernation  Hex/Ice        ##....       16%         2
 Poisonous Vapours        Pois/Air       ##....       16%         2
 Mephitic Cloud           Conj/Pois/Air  ###.....     17%         3
 Spider Form              Tmut/Pois      ###.......   26%         3
 Confusing Touch          Hex            ##......     30%         3
 Frozen Ramparts          Ice            ##....       30%         3
 Ozocubu's Armour         Ice            ##......     30%         3
 Tukima's Dance           Hex            ##......     30%         3
 Vampiric Draining        Necr           ##........   30%         3
 Hailstorm                Conj/Ice       ###.....     38%         4
 Iskenderun's Battlesphe  Conj           ####....     43%         5
 Ice Form                 Ice/Tmut       ###.....     63%         4
 Animate Dead             Necr           ##........   69%         4
 Summon Ice Beast         Ice/Summ       ##......     69%         4
 Blade Hands              Tmut           ###.......   89%         5
 Agony                    Necr           ##......     95%         5
 Freezing Cloud           Conj/Ice/Air   ###.......   100%        6
 Orb of Destruction       Conj           ####......   100%        7
 Spellforged Servitor     Conj/Summ      ###.......   100%        7


Dungeon Overview and Level Annotations

Branches:
Dungeon (12/15)            Temple (0/1) D:6            Lair (6/6) D:8
  Swamp (0/4) Lair:4        Snake (0/4) Lair:3        Slime (0/5) Lair:5
    Orc (2/2) D:12          IceCv (visited)         Volcano (visited)
    Elf: Orc:2

Altars:
Dithmenos
Fedhas
Kikubaaqudgha
Makhleb
Nemelex Xobeh
Qazlal
Sif Muna
Trog
Yredelemnul
The Shining One
Jiyva

Shops:
D:6 *   D:11 }   Orc:2 **


Innate Abilities, Weirdness & Mutations

You are resistant to damage.
You can heal yourself by infusing magical energy.
You resist negative energy. (rN+)
You passively map the area around you.
You do not regenerate.


Message History

K - a ring of see invisible (right hand) You're wearing all the rings you can.
Remove which one? (? for menu, Esc to cancel) < or
d - a +6 ring of intelligence > or
K - a ring of see invisible {sInv, !d} You remove your ring of see invisible {sInv, !d}.
You feel agile.
R - a +6 ring of dexterity (right hand)
Things that are here:
a +2 trident of protection; a +0 plate armour
There is an open door, spattered with blood here.
Things that are here:
a +3 broad axe; a +0 plate armour An orc warrior comes into view.
It is wielding a +0 scimitar.
MP restored: 29 An orc knight comes into view.
It is wielding a +0 dire flail.
Found Gephetin's Assorted Antiques.
Casting: Lee's Rapid Deconstruction (safe; 1% risk of failure)
Confirm with . or Enter, or press ? or * to list all spells.
Aiming: Lee's Rapid Deconstruction (safe; 1% risk of failure)
Press: ? - help, Dir - move target cursor, f - orc warrior Fragment what (e.g. wall or brittle monster)?: an orc warrior, wielding a +0 scimitar and wearing a +0 chain mail An open door.
Okay, then.
Casting: Lee's Rapid Deconstruction (safe; 1% risk of failure)
Confirm with . or Enter, or press ? or * to list all spells.
Aiming: Stone Arrow (safe; 1% risk of failure)
Press: ? - help, Shift-Dir - straight line, f - orc warrior
Aim: an orc warrior, wielding a +0 scimitar and wearing a +0 chain mail The stone arrow hits the orc warrior!!
You kill the orc warrior!
Makhleb accepts your kill.
The orc knight shouts!
The orc knight roars a battlecry!
You now have 26/29 mp.
Casting: Stone Arrow (safe; 1% risk of failure)
Confirm with . or Enter, or press ? or * to list all spells.
Aiming: Stone Arrow (safe; 1% risk of failure)
Press: ? - help, Shift-Dir - straight line, f - orc knight
Aim: an orc knight, wielding a +0 dire flail and wearing a +0 chain mail The stone arrow hits the orc knight!
The orc knight is moderately wounded.
You hear a shout!
You now have 24/29 mp.
Evoke which item? (* to show all) (? for menu, Esc to quit)
Aiming: Disintegrate
Press: ? - help, Shift-Dir - straight line, f/p - orc knight
Aim: an orc knight, wielding a +0 dire flail and wearing a +0 chain mail (moderately wounded, chance to defeat MR: 82%)
The orc knight is blasted!!!
You blow up the orc knight!
Makhleb accepts your kill.
Your Spellcasting skill increases to level 12!
An orc warlord comes into view.
It is wielding a +3 battleaxe of electrocution and wearing a +1 plate armour of fire resistance.
You closely miss the orc warlord.
The orc warlord shouts!
The orc warlord completely misses you.
Evoke which item? (* to show all) (? for menu, Esc to quit)
Aiming: Phantom Mirror
Press: ? - help, Dir - move target cursor, f - orc warlord
Aim: an orc warlord, wielding a +3 battleaxe of electrocution and wearing a +1 plate armour of fire resistance (strong)
You reflect the orc warlord with the mirror!
The mirror clouds!
Your orc warlord hits the orc warlord with a +3 battleaxe of electrocution!!
Lightning courses through the orc warlord!!
The orc warlord hits you with a +3 battleaxe of electrocution!!
The orc warlord hits your orc warlord but does no damage.
You take 35 damage, and have 74/109 hp.
MASSIVE DAMAGE!!
Casting: Stone Arrow (safe; 1% risk of failure)
Confirm with . or Enter, or press ? or * to list all spells.
Aiming: Stone Arrow (safe; 1% risk of failure)
Press: ? - help, Shift-Dir - straight line, f/p - orc warlord
Aim: an orc warlord, wielding a +3 battleaxe of electrocution and wearing a +1 plate armour of fire resistance (heavily wounded, strong)
Okay, then.
Evoke which item? (* to show all) (? for menu, Esc to quit)
Aiming: Disintegrate
Press: ? - help, Shift-Dir - straight line, f/p - orc warlord
Aim: an orc warlord, wielding a +3 battleaxe of electrocution and wearing a +1 plate armour of fire resistance (heavily wounded, strong, chance to defeat MR: 68%)
The orc warlord struggles to resist.
Evoke which item? (* to show all) (? for menu, Esc to quit)
Clouds of flame condense around you!
The condenser dries out!
The orc warlord is engulfed in blazing flames.
The orc warlord hits you with a +3 battleaxe of electrocution.
You take 5 damage, and have 69/109 hp.
Evoke which item? (* to show all) (? for menu, Esc to quit)
Aiming: Disintegrate
Press: ? - help, Shift-Dir - straight line, f/p - orc warlord
Aim: an orc warlord, wielding a +3 battleaxe of electrocution and wearing a +1 plate armour of fire resistance (flame, heavily wounded, strong, chance to defeat MR: 68%)
The orc warlord is blasted!!
The orc warlord is engulfed in blazing flames.
The orc warlord hits you with a +3 battleaxe of electrocution!!
You take 36 damage, and have 33/109 hp.
MASSIVE DAMAGE!!
Evoke which item? (* to show all) (? for menu, Esc to quit)
Aiming: Disintegrate
Press: ? - help, Shift-Dir - straight line, f/p - orc warlord
Aim: an orc warlord, wielding a +3 battleaxe of electrocution and wearing a +1 plate armour of fire resistance (flame, severely wounded, strong, chance to defeat MR: 68%)
The orc warlord is blasted!!
The orc warlord is engulfed in blazing flames.
The orc warlord hits you with a +3 battleaxe of electrocution!!!
Ouch! That really hurt!
You die...

, , #.#### *,+ , ,*
#....#### , ,*
#......##
###+########........
...#.....#.........
#####.#..)..#..()<)...
#∩..#.'..)..#....)....
#..)).#.....#.....)...
#...#@#...).#........#
#####o###)###......###
, ,#§#...........##
#..o).#...........#
#∩..#.##.........##*
#####+##.......###,* *
,,*#$......# , * ,
#.........# , ,
#........... ,


You could see an orc warlord (strong).

Vanquished Creatures
  Gastronok (D:11)
  A red draconian (Volcano)
  The ghost of qborf the Destroyer, a journeyman OpCj of Gozag (Lair:2)
  Fannar (D:11)
  Harold (D:10)
  An ice dragon (IceCv)
  8 hydras
  Erica (D:8)
  A catoblepas (Lair:4)
  A centaur warrior (Volcano)
  4 two-headed ogres
  A queen ant (Lair:2)
  3 orc knights
  2 ugly things
  2 slime creatures (D:12)
  A cyclops (D:12)
  Maurice (D:8)
  10 elephants
  Joseph (D:8)
  4 black mambas
  9 cane toads
  An ice statue (IceCv)
  Maggie (Lair:1)
  A centaur skeleton (D:12)
  7 komodo dragons
  3 rime drakes
  2 yaktaurs (Volcano)
  A troll (D:9)
  Grinder (D:5)
  2 bog bodies (Lair:4)
  7 hornets
  11 blink frogs
  Prince Ribbit (D:6)
  6 dream sheep (Lair:6)
  7 hippogriffs
  A vampire (D:10)
  11 spriggans (Lair:6)
  26 yaks
  A wyvern (D:8)
  A basilisk (Lair:1)
  A swamp worm (Lair:4)
  A naga (Lair:3)
  15 soldier ants (Lair:2)
  3 wargs
  10 water moccasins
  Duvessa (D:4)
  11 porcupines
  24 ice beasts
  12 orc warriors
  2 sky beasts
  8 black bears
  An eye of draining (D:11)
  3 phantoms
  4 boggarts (Lair:6)
  5 ogres
  25 wolves
  14 centaurs
  12 crocodiles
  A big kobold (D:8)
  18 bullfrogs
  Dowan (D:4)
  A water moccasin zombie (D:10)
  2 wyvern skeletons
  A water moccasin skeleton (D:6)
  7 scorpions
  8 wights
  An electric eel (Lair:4)
  3 howler monkeys
  A bullfrog zombie (D:6)
  A centaur zombie (D:11)
  4 jellies
  Crazy Yiuf (D:6)
  A quasit (D:11)
  11 orc priests
  4 hounds
  10 orc wizards
  2 bullfrog skeletons
  Jessica (D:12)
  7 iguanas
  5 hell rats (Lair:5)
  29 worker ants
  A hound zombie (D:5)
  A hound skeleton (D:6)
  A worker ant zombie (D:11)
  4 gnolls (D:10)
  12 adders
  A howler monkey skeleton (D:9)
  13 white imps
  An ufetubus (D:7)
  An adder zombie (D:6)
  4 adder skeletons
  3 worms
  3 dart slugs
  4 leopard geckos
  64 orcs
  A ball python (D:3)
  A giant cockroach (D:6)
  11 goblins
  2 hobgoblins
  6 kobolds
  2 quokkas
  6 bats
  3 frilled lizards
  A leopard gecko skeleton (D:7)
  6 rats
570 creatures vanquished.

Vanquished Creatures (collateral kills)
  An ice dragon (IceCv)
  An ugly thing (D:11)
  A jelly (D:11)
  An orc wizard (D:11)
  An orc (D:11)
5 creatures vanquished.

Vanquished Creatures (others)
  A black mamba (Lair:5)
  A bush (Lair:5)
  32 fungi
  42 plants
76 creatures vanquished.

Grand Total: 651 creatures vanquished

Notes
Turn   | Place    | Note
-------+----------+-------------------------------------------
     0 | D:1      | Irenicus the Deep Dwarf Earth Elementalist began the quest
                  | for the Orb.
     0 | D:1      | Reached XP level 1. HP: 15/15 MP: 3/3
   115 | D:1      | Reached XP level 2. HP: 19/22 MP: 1/4
   159 | D:1      | Reached skill level 5 in Earth Magic
   378 | D:1      | Learned a level 2 spell: Passwall
   462 | D:1      | Reached XP level 3. HP: 20/28 MP: 3/5
   516 | D:2      | Found a stormy altar of Qazlal.
   516 | D:2      | Found a blossoming altar of Fedhas.
   606 | D:2      | Reached skill level 6 in Earth Magic
   665 | D:2      | Found a sparkling altar of Nemelex Xobeh.
   668 | D:2      | Found an ancient bone altar of Kikubaaqudgha.
   669 | D:2      | Found a shadowy altar of Dithmenos.
   676 | D:2      | Found a burning altar of Makhleb.
   676 | D:2      | Found a bloodstained altar of Trog.
   684 | D:2      | Became a worshipper of Makhleb the Destroyer
   941 | D:3      | Reached XP level 4. HP: 22/36 MP: 0/6
  1021 | D:3      | Learned a level 3 spell: Stone Arrow
  1039 | D:3      | Reached skill level 7 in Earth Magic
  1067 | D:3      | Found a basalt altar of Yredelemnul.
  1096 | D:3      | Found a blossoming altar of Fedhas.
  1273 | D:4      | Noticed a sky beast
  1277 | D:4      | Killed a sky beast
  1277 | D:4      | Reached skill level 8 in Earth Magic
  1277 | D:4      | Reached XP level 5. HP: 22/42 MP: 3/7
  1336 | D:4      | Reached skill level 9 in Earth Magic
  1336 | D:4      | Reached XP level 6. HP: 26/49 MP: 3/8
  1430 | D:4      | Reached * piety under Makhleb
  1493 | D:4      | Noticed Duvessa
  1493 | D:4      | Noticed Dowan
  1504 | D:4      | Killed Duvessa
  1514 | D:4      | HP: 8/49 [Dowan/shard of ice (10)]
  1515 | D:4      | Killed Dowan
  1515 | D:4      | Reached skill level 10 in Earth Magic
  1598 | D:4      | Reached XP level 7. HP: 9/55 MP: 6/9
  1706 | D:5      | Entered Level 5 of the Dungeon
  1711 | D:5      | Reached skill level 11 in Earth Magic
  1759 | D:5      | Reached skill level 2 in Spellcasting
  1762 | D:5      | Noticed Grinder
  1811 | D:5      | Reached skill level 2 in Evocations
  1857 | D:5      | Reached skill level 3 in Evocations
  1924 | D:5      | Reached skill level 3 in Stealth
  1970 | D:5      | Reached skill level 4 in Evocations
  1970 | D:5      | Reached XP level 8. HP: 38/62 MP: 7/11
  2060 | D:5      | Reached skill level 4 in Stealth
  2099 | D:5      | Reached skill level 5 in Evocations
  2220 | D:5      | Killed Grinder
  2220 | D:5      | Reached skill level 5 in Stealth
  2220 | D:5      | Reached skill level 6 in Evocations
  2315 | D:6      | Noticed Prince Ribbit
  2325 | D:6      | Killed Prince Ribbit
  2325 | D:6      | Reached skill level 6 in Stealth
  2349 | D:6      | Reached skill level 7 in Evocations
  2351 | D:6      | Reached skill level 7 in Stealth
  2381 | D:6      | Reached skill level 8 in Evocations
  2381 | D:6      | Gained mutation: You passively map the area around you.
                  | [Deep Dwarf growth]
  2381 | D:6      | Reached XP level 9. HP: 57/68 MP: 6/12
  2444 | D:6      | Reached ** piety under Makhleb
  2444 | D:6      | Reached skill level 8 in Stealth
  2493 | D:6      | Found a runed translucent door.
  2494 | D:6      | Noticed Crazy Yiuf
  2503 | D:6      | Killed Crazy Yiuf
  2538 | D:6      | Found Xicejere's Mayhem Merchandise.
  2547 | D:6      | Identified the cursed +1 scale mail "Voffyem" {rPois Str+10
                  | Int-2}
  2550 | D:6      | Bought a wand of iceblast (10) for 154 gold pieces
  2559 | D:6      | Reached skill level 1 in Conjurations
  2676 | D:6      | Found a staircase to the Ecumenical Temple.
  2682 | D:6      | Reached skill level 1 in Armour
  2689 | D:6      | Reached skill level 2 in Conjurations
  2689 | D:6      | Reached skill level 9 in Evocations
  2884 | D:7      | Reached skill level 2 in Armour
  2930 | D:7      | Reached skill level 3 in Armour
  3046 | D:7      | Found a glowing golden altar of the Shining One.
  3260 | D:7      | Reached skill level 1 in Fighting
  3352 | D:8      | Reached skill level 2 in Fighting
  3445 | D:8      | Reached skill level 2 in Shields
  3449 | D:8      | Reached skill level 3 in Shields
  3453 | D:8      | Reached skill level 4 in Shields
  3467 | D:8      | Noticed Maurice
  3484 | D:8      | Killed Maurice
  3484 | D:8      | Reached skill level 4 in Dodging
  3487 | D:8      | Found a glowing golden altar of the Shining One.
  3497 | D:8      | Noticed Erica
  3594 | D:8      | Reached XP level 10. HP: 57/81 MP: 4/13
  3597 | D:8      | Reached *** piety under Makhleb
  3612 | D:8      | Reached skill level 5 in Dodging
  3618 | D:8      | Noticed Joseph
  3677 | D:8      | Killed Joseph
  3677 | D:8      | Reached skill level 6 in Dodging
  3828 | D:8      | Killed Erica
  3828 | D:8      | Reached skill level 5 in Armour
  3874 | D:8      | Found a staircase to the Lair.
  3938 | D:8      | Reached skill level 6 in Armour
  4029 | D:9      | Reached skill level 3 in Spellcasting
  4242 | D:10     | Entered Level 10 of the Dungeon
  4272 | D:10     | Noticed Harold
  4285 | D:10     | Killed Harold
  4285 | D:10     | Reached skill level 9 in Stealth
  4285 | D:10     | Reached skill level 10 in Evocations
  4442 | D:10     | Reached **** piety under Makhleb
  4532 | D:10     | Reached XP level 11. HP: 82/87 MP: 0/15
  4738 | D:11     | Found Syhup's Gadget Boutique.
  4764 | D:11     | Bought a phantom mirror for 420 gold pieces
  4865 | D:11     | Noticed Fannar
  4882 | D:11     | Killed Fannar
  4882 | D:11     | Reached skill level 10 in Stealth
  4882 | D:11     | Reached skill level 11 in Evocations
  4921 | D:11     | Noticed a cyan ugly thing
  4931 | D:11     | Killed a cyan ugly thing
  5031 | D:11     | Noticed a two-headed ogre
  5045 | D:11     | Noticed a brown ugly thing
  5065 | D:10     | Killed a brown ugly thing
  5139 | D:11     | Learned a level 5 spell: Lee's Rapid Deconstruction
  5237 | D:11     | Reached skill level 12 in Earth Magic
  5248 | D:11     | Killed a two-headed ogre
  5313 | D:11     | Noticed a two-headed ogre
  5318 | D:11     | Killed a two-headed ogre
  5318 | D:11     | Reached skill level 13 in Earth Magic
  5341 | D:11     | Noticed Gastronok
  5423 | D:12     | Noticed an eight-headed hydra
  5427 | D:12     | Noticed a two-headed ogre
  5430 | D:12     | Killed an eight-headed hydra
  5430 | D:12     | Reached skill level 14 in Earth Magic
  5435 | D:12     | Killed a two-headed ogre
  5498 | D:12     | Found a frozen archway.
  5516 | IceCv    | Entered an ice cave
  5580 | IceCv    | Reached skill level 15 in Earth Magic
  5593 | IceCv    | Reached XP level 12. HP: 94/94 MP: 3/16
  5653 | IceCv    | Noticed an ice dragon
  5654 | IceCv    | Noticed an ice dragon
  5669 | IceCv    | Killed an ice dragon
  5669 | IceCv    | Reached skill level 3 in Conjurations
  5675 | IceCv    | Killed an ice dragon
  5686 | IceCv    | Got a bound ivory amulet
  5863 | D:12     | Noticed a seven-headed hydra
  5868 | D:12     | Killed a seven-headed hydra
  5868 | D:12     | Reached skill level 4 in Conjurations
  5935 | D:12     | Reached ***** piety under Makhleb
  5949 | D:12     | Found a staircase to the Orcish Mines.
  5962 | D:12     | Reached skill level 16 in Earth Magic
  6060 | D:12     | Identified the amulet "Labeil" {Inacc rElec rF- rN+ Stlth+}
                  | (You found it in an ice cave)
  6287 | D:11     | Killed Gastronok
  6287 | D:11     | Reached skill level 17 in Earth Magic
  6335 | D:11     | Bought a wand of acid (13) for 476 gold pieces
  6335 | D:11     | Bought a wand of disintegration (14) for 252 gold pieces
  6424 | Lair:1   | Entered Level 1 of the Lair of Beasts
  6510 | Lair:1   | Noticed Maggie
  6525 | Lair:1   | Killed Maggie
  6652 | Lair:1   | Reached skill level 18 in Earth Magic
  6726 | Lair:2   | Found a runed translucent door.
  6726 | Lair:2   | Noticed qborf's ghost (journeyman OpCj)
  6737 | Lair:2   | Killed qborf's ghost
  6782 | Lair:2   | Noticed a seven-headed hydra
  6792 | Lair:2   | Killed a seven-headed hydra
  6795 | Lair:2   | Noticed a six-headed hydra
  6801 | Lair:2   | Killed a six-headed hydra
  6801 | Lair:2   | Reached XP level 13. HP: 64/102 MP: 0/17
  6847 | Lair:2   | Identified a scroll of acquirement
  6847 | Lair:2   | Acquired the +0 pair of boots of Awe {Harm rPois}
  6870 | Lair:2   | I chose the boots instead of the staff of earth
  6894 | Lair:2   | boots of harm
  6900 | Lair:2   | Reached skill level 19 in Earth Magic
  7055 | Lair:2   | Reached ****** piety under Makhleb
  7055 | Lair:2   | Reached skill level 4 in Spellcasting
  7273 | Lair:3   | Found a staircase to the Snake Pit.
  7379 | Lair:3   | Reached skill level 5 in Spellcasting
  7669 | Lair:4   | Found a staircase to the Swamp.
  7790 | Lair:4   | Reached skill level 6 in Spellcasting
  7946 | Lair:5   | Reached skill level 7 in Spellcasting
  8083 | Lair:5   | Got a transparent demon blade
  8084 | Lair:5   | Identified the +6 demon blade of the Saviour {vamp, rElec}
                  | (You found it on level 5 of the Lair of Beasts)
  8147 | Lair:5   | Found a viscous altar of Jiyva.
  8147 | Lair:5   | Found a staircase to the Slime Pits.
  8216 | Lair:5   | Reached skill level 8 in Spellcasting
  8362 | Lair:6   | Entered Level 6 of the Lair of Beasts
  8433 | Lair:6   | Reached skill level 9 in Spellcasting
  8438 | Lair:6   | Gained mutation: You resist negative energy. (rN+) [Deep
                  | Dwarf growth]
  8438 | Lair:6   | Reached XP level 14. HP: 100/109 MP: 22/27
  8464 | Lair:6   | Found a dark tunnel.
  8487 | Volcano  | Entered a volcano
  8691 | Lair:6   | Reached skill level 10 in Spellcasting
  9026 | Lair:6   | Reached skill level 11 in Spellcasting
  9387 | D:12     | Found a shimmering blue altar of Sif Muna.
  9387 | D:12     | Noticed Jessica
  9391 | D:12     | Killed Jessica
  9471 | Orc:1    | Entered Level 1 of the Orcish Mines
  9702 | Orc:2    | Entered Level 2 of the Orcish Mines
  9732 | Orc:2    | Found Vuawat's Assorted Antiques.
  9744 | Orc:2    | Bought a glowing gilded ring for 160 gold pieces
  9753 | Orc:2    | Found Gephetin's Assorted Antiques.
  9757 | Orc:2    | Reached skill level 12 in Spellcasting
  9758 | Orc:2    | Noticed an orc warlord
  9766 | Orc:2    | Annihilated by an orc warlord

Illustrated notes ,, , # .#.* .##* * ... , ... * * , , #.. .... , , , *#.# .....* , ## ##.##... * * , ###.. ..... , , * ,, #.#.###..#, * , ** ###...#.@# ** #......#)###...,* , #.............. , , #.........#.... .. * ##...#..>...... ... ,, #....#....... ,...# , ##..........###PP#*,, , #.#.#..##...#...#** * ##..#...........# * Turn 6870 on Lair:2: I chose the boots instead of the staff of earth

*#.. #.....†..........>....
#.#* #..###............####
#.## #.................# #
##..##..#.#.####...P.P.P# #
#...###...## #...#.#..# ###
*#.#....# #.P.#.P.##
..#####....[.# *## #.#.P...P
.............####.###.#.P...#
..##..#.........@..#........
##.######.[#.#.##(..........*
,* ....#* #..###### #...... ,
##P..# ##.# * , .DP... ,
*#.#.# ..# , .....
.,*........ ,, , .P... ..
...##..# * .P.P , ,, .... ..
** S... ,, * ....... ,, ,, ,
, *


Turn 6894 on Lair:2: boots of harm

Levels and vault maps discovered:
D:1:      dpeg_arrival_tiny_i, layout_loops_ring
D:2:      layout_loops_ring, grunt_temple_overflow_forces_of_nature,
          minmay_overflow_temple_star_hex
D:3:      layout_rooms, lemuel_coloured_pillars_altar, fedhas_altar_fruit_tree
D:4:      layout_basic, abandoned_shop, minmay_strange_pillars, uniq_duvessa
D:5:      layout_basic, uniq_grinder
D:6:      layout_loops_ring, minmay_temple_entry_statues_fountains,
          minmay_shop_mayhem, kb_rosetta, uniq_prince_ribbit1,
          uniq_crazy_yiuf_cottage
D:7:      layout_gridville, tso_oasis_becter
D:8:      layout_loops_ring, erik_lair_orcish_takeover,
          nicolae_tso_carved_into_rock, uniq_joseph, uniq_erica, uniq_maurice
D:9:      layout_cave_pools
D:10:     layout_loops_cross, uniq_harold
D:11:     layout_cave_pods, serial_shops, kennysheep_little_box, uniq_fannar,
          uniq_gastronok
D:12:     layout_roguey, hiddenorc2_lemuel, portal_ice_cave_entry_imps, tgw_sif
Lair:1:   layout_misc_corridors, grunt_megastairs_2, lemuel_fruit_tree,
          uniq_maggie
Lair:2:   layout_loops_ring, ebering_ghost_reflecting_pool,
          chequers_serial_rivers_room_b, minivault_29
Lair:3:   layout_long_grid, guppyfry_snake_entry_island,
          small_statue_intersection
Lair:4:   layout_cave_pods, nicolae_swamp_entry_splash_gauntlet,
          kennysheep_catoblepas_arena
Lair:5:   layout_regular_city, dpeg_slime_entry_enclosed_altar
Lair:6:   minmay_lair_end_enchanted_forest, layout_misc_corridors,
          nicolae_volcano_entry_hallway, grunt_megastairs_1,
          serial_bayou_shore_a, lemuel_fruit_fields
Orc:1:    layout_caves
Orc:2:    pubby_orc_utopia, serial_shops, uniq_sonja, uniq_josephine

Skill      XL: |  1  2  3  4  5  6  7  8  9 10 11 12 13 14 |
---------------+-------------------------------------------+-----
Earth Magic    | 5 6 8 9 10 11 15 18 19 | 19.1
Spellcasting   | 2 3 9 12 | 12.0
Evocations     | 4 8 9 10 11 | 11.3
Stealth        | 3 7 8 9 10 | 10.4
Conjurations   | 2 4 |  4.2
Armour         | 3 6 |  6.2
Fighting       | 2 |  2.3
Shields        | 4 |  4.1
Dodging        | 4 6 |  6.6
Transmutations | |  0.8

Action                   |  1- 3 |  4- 6 |  7- 9 | 10-12 | 13-15 || total
-------------------------+-------+-------+-------+-------+-------++-------
Melee: Club              |     2 |       |       |       |       ||     2
       Whip              |     5 |    17 |   116 |    75 |       ||   213
       Spear             |       |       |     5 |       |       ||     5
       Unarmed           |       |       |       |    34 |       ||    34
       Short sword       |       |       |       |    83 |    63 ||   146
       Demon blade       |       |       |       |       |    55 ||    55
Throw: Dart              |       |     4 |       |       |       ||     4
 Cast: Sandblast         |    47 |    34 |    84 |   194 |   209 ||   568
       Passwall          |     2 |     3 |    15 |    14 |     8 ||    42
       Stone Arrow       |       |       |    22 |    68 |   129 ||   219
       Lee's Rapid Decon |       |       |       |    26 |    21 ||    47
Evoke: Wand              |       |       |     9 |    33 |    32 ||    74
       Phantom mirror    |       |       |       |     2 |     1 ||     3
       Condenser vane    |       |       |       |       |     4 ||     4
  Use: Scroll            |     2 |     4 |     1 |    19 |     7 ||    33
       Potion            |       |     1 |       |     9 |       ||    10
 Stab: Paralysed         |       |       |    27 |     6 |     6 ||    39
       Sleeping          |       |       |     3 |    17 |    10 ||    30
       Distracted        |       |       |       |       |     2 ||     2
Armor: Robe              |     5 |       |       |       |       ||     5
       Ring mail         |       |     5 |     8 |       |       ||    13
       Scale mail        |       |       |    64 |   166 |   141 ||   371
       Skin              |       |       |       |    48 |       ||    48
Dodge: Dodged            |    23 |    15 |    79 |   210 |   280 ||   607
Block: Buckler           |       |       |     8 |    93 |   119 ||   220
       Rpst.: Demon blade |       |       |       |       |    42 ||    42

Table legend: (Time is in decaauts)
 A = Elapsed time spent in this place.
 B = Non-inter-level travel time spent in this place.
 C = Inter-level travel time spent in this place.
 D = Time resting spent in this place.
 E = Time spent auto-exploring this place.
 F = Levels seen in this place.
 G = Mean time per level.
                   A        B        C        D        E       F      G
               +--------+--------+--------+--------+--------+-----+--------+
         Total |   9815 |   9690 |    125 |     22 |      0 |  22 |  446.1 |
       Dungeon |   6328 |   6231 |     97 |     22 |      0 |  12 |  527.3 |
          Lair |   2708 |   2680 |     28 |      0 |      0 |   6 |  451.3 |
  Orcish Mines |    295 |    295 |      0 |      0 |      0 |   2 |  147.5 |
      Ice Cave |    328 |    328 |      0 |      0 |      0 |   1 |  328.0 |
       Volcano |    154 |    154 |      0 |      0 |      0 |   1 |  154.0 |
               +--------+--------+--------+--------+--------+-----+--------+

Top non-repeatable levels by time:
    D:11: 715 daAuts
    D:12: 687 daAuts
  Lair:6: 666 daAuts
     D:8: 648 daAuts
     D:5: 610 daAuts
    D:10: 573 daAuts
     D:6: 529 daAuts
  Lair:2: 516 daAuts
     D:1: 490 daAuts
     D:7: 476 daAuts
  Lair:4: 472 daAuts
  Lair:5: 448 daAuts
     D:2: 417 daAuts
     D:4: 416 daAuts
     D:3: 382 daAuts

Table legend:
 A = Kills in this place as a percentage of kills in entire the game.
 B = Kills by you in this place as a percentage of kills by you in the entire game.
 C = Kills by friends in this place as a percentage of kills by friends in the entire game.
 D = Other kills in this place as a percentage of other kills in the entire game.
 E = Experience gained in this place as a percentage of experience gained in the entire game.
 F = Experience gained in this place divided by the number of levels of this place that you have seen.
                   A       B       C       D       E      F
               +-------+-------+-------+-------+-------+----------------------
         Total | 100.0 | 100.0 | 100.0 |   N/A | 100.0 | 4071.9
       Dungeon |  52.3 |  52.1 |  80.0 |   N/A |  31.9 | 2381.6
          Lair |  36.5 |  36.8 |   0.0 |   N/A |  54.7 | 8167.8
  Orcish Mines |   6.8 |   6.8 |   0.0 |   N/A |   4.7 | 2109.5
      Ice Cave |   3.3 |   3.2 |  20.0 |   N/A |   5.2 | 4620.0
       Volcano |   1.0 |   1.1 |   0.0 |   N/A |   3.5 | 3156.0
               +-------+-------+-------+-------+-------+----------------------
